 Dungeon Crawl Stone Soup version 0.29.1-4-g47bece8355 (webtiles) character file.

Game seed: 9788124437961201132

575 croobank the Conjurer (level 7, -3/51 HPs)
             Began as a Demonspawn Conjurer on Dec 10, 2022.
             Killed from afar by an orc wizard (7 damage)
             ... with a magic dart
             ... on level 5 of the Dungeon.
             The game lasted 00:33:25 (4843 turns).

croobank the Conjurer (Demonspawn Conjurer)         Turns: 4843, Time: 00:33:25

Health: -3/51      AC:  4    Str:  7    XL:     7   Next: 12%
Magic:  4/12       EV: 13    Int: 27    God:
Gold:   190        SH:  0    Dex: 12    Spells: 6/12 levels left

rFire   . . .      SeeInvis .   i - +1 short sword
rCold   . . .      Faith    .   (no shield)
rNeg    . . .      Spirit   .   a - +0 robe
rPois   .          Reflect  .   (helmet unavailable)
rElec   .          Harm     .   l - +0 cloak
rCorr   .          Rampage  .   (no gloves)
Will    .....                   n - +0 pair of boots
Stlth   ++........              (no amulet)
HPRegen 0.17/turn               h - +6 ring of intelligence
MPRegen 0.13/turn               (no ring)

@: invisible
A: horns 3, powered by death 1, demonic touch 1
a: no special abilities


You were on level 5 of the Dungeon.
You visited 1 branch of the dungeon, and saw 5 of its levels.

You collected 190 gold pieces.

Inventory:

Hand Weapons
 c - a +3 vorpal hand axe
 i - a +1 short sword (weapon)
 m - a +0 falchion
 q - a +1 long sword of flaming
 s - a +0 arbalest
Armour
 a - a +0 robe (worn)
 e - a +0 ring mail
 l - a +0 cloak (worn)
 n - a +0 pair of boots (worn)
Jewellery
 h - a +6 ring of intelligence (left hand)
Scrolls
 d - a scroll of silence
 f - 2 scrolls of teleportation
 g - a scroll of fear
Potions
 j - 2 potions of cancellation {unknown}
 k - 3 potions of degeneration {unknown}
 o - a potion of attraction {unknown}
 p - a potion of berserk rage {unknown}
 r - 2 potions of brilliance {unknown}


   Skills:
 + Level 2.5 Fighting
 + Level 2.0 Long Blades
 + Level 3.4 Dodging
 + Level 3.5 Stealth
 + Level 3.4 Spellcasting
 + Level 5.2 Conjurations


You had 6 spell levels left.
You knew the following spells:

 Your Spells              Type           Power      Damage    Failure   Level
a - Magic Dart            Conj           100%       1d8       1%          1
b - Searing Ray           Conj           64%        2d6       1%          2
c - Dazzling Flash        Conj/Hex       36%        N/A       9%          3

Your spell library contained the following spells:

 Spells                   Type           Power      Damage    Failure   Level
 Confusing Touch          Hex            4%         N/A       26%         3
 Fulminant Prism          Conj/Hex       9%         3d7       28%         4
 Iskenderun's Mystic Bla  Conj/Tloc      18%        2d6       28%         4
 Lee's Rapid Deconstruct  Erth           2%         3d5*      93%         5
 Yara's Violent Unravell  Hex/Tmut       2%         3d3       93%         5
 Enfeeble                 Hex            2%         N/A       100%        7


Dungeon Overview and Level Annotations

Branches:
Dungeon (5/15)
 Temple: D:4-7

Altars:

Annotations:
D:3 1 runed translucent door, Crazy Yiuf, Terence


Innate Abilities, Weirdness & Mutations

You have a pair of large horns on your head.
You regenerate a little health from kills.
Your touch may inflict minor irresistible damage on your foes.


Message History

Press: ? - help, Dir - look around, f - activate The orc wizard is dazzled.
The orc priest is dazzled.
The orc shouts! x2; You hear a shout! x2
The orc priest invokes the aid of Beogh against you.
Beogh smites you!
* * * LOW HITPOINT WARNING * * *
The orc wizard barely misses you.
A scorpion comes into view.
There is a stone staircase leading up, spattered with blood here.
Casting: Dazzling Flash (dangerous; 9% risk of failure)
Confirm with . or Enter, or press ? or * to list all spells.
Casting: Dazzling Flash (dangerous; 9% risk of failure)
Press: ? - help, Dir - look around, f - activate The orc priest is dazzled.
The orc is dazzled.
The orc wizard is dazzled.
The orc priest closely misses you.
Okay, then.
You barely miss the orc priest. You headbutt the orc priest!
The orc priest is severely wounded.
The orc priest hits you with a +0 mace.
* * * LOW HITPOINT WARNING * * *
The orc wizard casts a spell.
The orc wizard flickers and vanishes!
Deactivating autopickup; reactivate with Ctrl-A.
The orc wizard hits you but does no damage.
The orc closely misses you.
Okay, then.
Okay, then.
Okay, then.
It was a potion of invisibility.
You fade into invisibility!
The orc misses you. The orc completely misses you.
The orc priest mumbles some strange prayers to Beogh against you.
Pain shoots through your body!
* * * LOW HITPOINT WARNING * * *
The orc wizard misses you.
The orc priest is no longer blind.
The orc priest closely misses you. The orc closely misses you.
The orc barely misses you.
The orc wizard points at you and mumbles some strange words.
The magic dart hits you!
You die...

.....<.....
............
...........
..........o
#......... #
#.......s# .#
.........## .{
........oo##.##
........†@)...#
.........oo.......
.#.............###
#....#..##...##
......##.. ...#
#..... #......#
#.... .......#
..... #.##....


You could see a scorpion (unable to see you), an orc priest (unable to see you),
an orc wizard (blind) and 2 orcs.

Vanquished Creatures
  A centaur (D:4)
  2 phantoms (D:4)
  A necrophage (D:4)
  A hound (D:4)
  3 iguanas
  2 orc wizards
  2 adders
  3 gnolls (D:3)
  2 ufetubi (D:4)
  3 worms
  A dart slug (D:1)
  6 orcs
  5 endoplasms
  A giant cockroach (D:4)
  10 goblins
  6 hobgoblins
  9 jackals
  A quokka (D:3)
  7 ball pythons
  3 bats
  4 frilled lizards
  6 kobolds
  4 rats
83 creatures vanquished.

Notes
Turn   | Place    | Note
-------+----------+-------------------------------------------
     0 | D:1      | croobank the Demonspawn Conjurer began the quest for the
                  | Orb.
     0 | D:1      | Reached XP level 1. HP: 13/13 MP: 3/3
   396 | D:1      | Discovered your monstrous ancestry.
   396 | D:1      | Gained mutation: Your touch may inflict minor irresistible
                  | damage on your foes. [demonic ancestry]
   396 | D:1      | Reached XP level 2. HP: 12/19 MP: 0/5
   399 | D:1      | Learned a level 2 spell: Searing Ray
   770 | D:1      | Found a faded altar of an unknown god.
  1218 | D:2      | Found Qyludeas's Distillery.
  1224 | D:2      | Gained mutation: You have a pair of small horns on your
                  | head. [demonic ancestry]
  1224 | D:2      | Reached XP level 3. HP: 24/24 MP: 4/6
  1228 | D:2      | Learned a level 3 spell: Dazzling Flash
  1855 | D:3      | Gained mutation: You have a pair of horns on your head.
                  | [demonic ancestry]
  1855 | D:3      | Reached XP level 4. HP: 31/31 MP: 3/7
  1975 | D:3      | Reached skill level 1 in Fighting
  2252 | D:3      | Found a runed translucent door.
  2253 | D:3      | Noticed Crazy Yiuf
  2268 | D:3      | Noticed Terence
  3521 | D:4      | Noticed a phantom
  3530 | D:4      | Killed a phantom
  3531 | D:4      | Gained mutation: You regenerate a little health from kills.
                  | [demonic ancestry]
  3531 | D:4      | Reached XP level 5. HP: 35/37 MP: 0/9
  3724 | D:4      | Reached skill level 1 in Long Blades
  3885 | D:4      | Reached XP level 6. HP: 40/44 MP: 3/10
  4432 | D:4      | Reached skill level 5 in Conjurations
  4682 | D:4      | Gained mutation: You have a pair of large horns on your
                  | head. [demonic ancestry]
  4682 | D:4      | Reached XP level 7. HP: 36/51 MP: 10/12
  4810 | D:5      | Entered Level 5 of the Dungeon
  4843 | D:5      | Killed from afar by an orc wizard

Illustrated notes

Levels and vault maps discovered:
D:1:      minmay_arrival_nine_rooms, layout_rooms,
          chequers_ecumenical_altar_grove
D:2:      layout_basic, serial_shops, shop, uniq_robin
D:3:      layout_basic, lemuel_tele_altar, mrwooster_statue_mirror,
          uniq_crazy_yiuf_cottage, uniq_terence
D:4:      layout_basic, dk_noncrumbling_3
D:5:      layout_cave_pools, amcnicky_mini_pool_small

Skill      XL: |  1  2  3  4  5  6  7 |
---------------+----------------------+-----
Stealth        | 2 3 |  3.5
Dodging        | 2 3 |  3.4
Fighting       | 1 2 |  2.5
Long Blades    | 1 2 |  2.0
Spellcasting   | 3 |  3.4
Conjurations   | 5 |  5.2

Action                   |  1- 3 |  4- 6 |  7- 9 || total
-------------------------+-------+-------+-------++-------
Melee: Unarmed           |    19 |       |       ||    19
       Short sword       |     7 |    22 |     9 ||    38
       Touch             |     1 |     5 |     3 ||     9
       Headbutt          |       |     4 |     3 ||     7
 Cast: Magic Dart        |    67 |    33 |       ||   100
       Searing Ray       |     6 |    17 |       ||    23
       Dazzling Flash    |       |       |     3 ||     3
  Use: Potion            |     1 |       |     1 ||     2
       Scroll            |     4 |     7 |       ||    11
 Stab: Sleeping          |       |     3 |       ||     3
Armor: Robe              |    13 |     5 |     3 ||    21
Dodge: Dodged            |    33 |    22 |    17 ||    72
